 Dungeon Crawl Stone Soup version 0.18-a0-1312-gf98331d (webtiles) character file.

7104 Reinor the Transmogrifier (level 10, -1/49 HPs)
             Began as a Spriggan Abyssal Knight on Feb 14, 2016.
             Was a High Priest of Lugonu.
             Killed by divine providence
             ... invoked by an orc priest
              (14 damage)
             ... on level 10 of the Dungeon.
             The game lasted 00:43:47 (12980 turns).

Reinor the Transmogrifier (SpAK)                   Turns: 12980, Time: 00:43:47

Health: -1/49      AC:  7    Str:  8    XL:     10   Next: 84%
Magic:  21/21      EV: 25    Int: 17    God:    Lugonu [*****.]
Gold:   578        SH:  0    Dex: 16    Spells: 8 memorised, 1 level left

rFire  x . .     SeeInvis +     b - +2 rapier (flame)
rCold  + . .     Gourm    .     H - +2 robe {MR+}
rNeg   . . .     Faith    .     (shield restricted)
rPois  .         Spirit   .     (helmet restricted)
rElec  .         Dismiss  +     h - +2 cloak {+Inv}
rCorr  .         Reflect  .     (gloves unavailable)
SustAt .         Harm     .     (boots unavailable)
MR     ++...                    J - amulet of dismissal
Stlth  ++++......               (no ring)
                                j - ring of ice

@: very quick, very resistant to hostile enchantments, stealthy
A: unfitting armour, see invisible, herbivore 3, speed 3, slow metabolism 2
a: Depart the Abyss, Bend Space, Banish, Corrupt, Enter the Abyss, Renounce
Religion, Evoke Invisibility


You were on level 10 of the Dungeon.
You worshipped Lugonu.
Lugonu was extremely pleased with you.
You were very hungry.

You visited 1 branch of the dungeon, and saw 10 of its levels.
You visited the Abyss 1 time.
You also visited: Bailey.

You collected 578 gold pieces.

Inventory:

Hand Weapons
 a - a +5 dagger
 b - a +2 rapier of flaming (weapon)
 p - a +3 dagger of protection
 O - a +0 blowgun
Missiles
 i - 4 poisoned needles
 m - 158 arrows
 n - 7 needles of slowing
 v - 38 tomahawks of returning
 w - 18 tomahawks (quivered)
Armour
 h - a +2 cloak of invisibility (worn)
 H - a +2 robe of magic resistance (worn)
Jewellery
 j - a ring of ice (left hand)
 J - an amulet of dismissal (around neck)
Wands
 e - a wand of acid (9/15)
 l - a wand of slowing (28/48)
 r - a wand of lightning (10/15)
 y - a wand of slowing (16/48)
 L - a wand of lightning (4/15)
 M - a wand of heal wounds (3/9)
Scrolls
 d - a scroll of remove curse
 g - 3 scrolls of enchant weapon
 B - 2 scrolls of teleportation
 E - a scroll of immolation
Potions
 f - a potion of might
 q - a potion of brilliance {unknown}
 s - a potion of berserk rage
 t - 5 potions of curing
 u - a potion of invisibility
 x - a potion of cure mutation
 A - 2 potions of haste
 C - 2 potions of lignification
 D - 3 potions of heal wounds
 F - a potion of beneficial mutation {unknown}
 G - a potion of cancellation {unknown}
 I - a potion of flight
 K - a potion of ambrosia
 P - a potion of resistance {unknown}
Books
 k - a book of Debilitation

   Spells                             Type                      Level
   a - Corona                         Hexes                        1
   b - Slow                           Hexes                        2
   c - Gell's Gravitas                Hexes/Translocation          3
   d - Inner Flame                    Hexes/Fire                   3
   e - Cause Fear                     Hexes                        4
   f - Leda's Liquefaction            Hexes/Earth                  4
 z - a book of Alchemy

   Spells                             Type                      Level
   a - Sublimation of Blood           Necromancy                   2
   b - Ignite Poison                  Fire/Transmutation/Poison    3
   c - Petrify                        Transmutation/Earth          4
   d - Alistair's Intoxication        Transmutation/Poison         5
   e - Irradiate                      Conjuration/Transmutation    5
Comestibles
 c - 6 bread rations
 o - 6 fruits


   Skills:
 - Level 4.0 Fighting
 - Level 8.2 Short Blades
 - Level 4.1 Throwing
 - Level 10.1 Dodging
 - Level 8.0 Stealth
 + Level 6.8 Spellcasting
 + Level 4.8 Translocations
 - Level 10.2 Transmutations
 - Level 4.0 Invocations


You had one spell level left.
You knew the following spells:

 Your Spells              Type           Power        Failure   Level  Hunger
a - Corona                Hex            #......      14%         1    None
b - Petrify               Trmt/Erth      ###.....     17%         4    ####...
c - Alistair's Intoxicat  Trmt/Pois      ###.....     45%         5    #####..
d - Slow                  Hex            #.......     21%         2    None
e - Apportation           Tloc           ###.......   1%          1    None
f - Blink                 Tloc           N/A          2%          2    None
g - Portal Projectile     Tloc           ###...       6%          3    ##.....
h - Inner Flame           Hex/Fire       #.......     38%         3    ##.....


Dungeon Overview and Level Annotations

Branches:
Dungeon (10/15)            Temple (0/1) D:7            Lair (0/8) D:10
    Orc: D:9-12

Altars:
Cheibriados
Dithmenos
Gozag
Kikubaaqudgha
Nemelex Xobeh
Okawaru
Qazlal
Ru
Trog
Vehumet
Xom
Yredelemnul
Zin
The Shining One

Shops:
D:9 (


Innate Abilities, Weirdness & Mutations

You are tiny and cannot use many weapons and most armour.
You have supernaturally acute eyesight.
You are an herbivore.
You cover ground extremely quickly.
You need consume almost no food.


Message History

(D) Dungeon (T) Temple (L) Lair
Where to? (Enter - D:10, ? - help)
Okay, then.
The orc priest shouts!
The orc priest looks braver for a moment.
You barely miss the orc priest. You hit the orc priest.
You burn the orc priest.
The orc priest is heavily wounded.
The orc priest completely misses you.
You closely miss the orc priest.
The orc priest is heavily wounded.
The orc priest misses you.
You barely miss the orc priest.
The orc priest is heavily wounded.
The wasp completely misses you. The orc priest misses you. The wasp misses you.
The orc wizard is no longer moving quickly.
A giant gecko comes into view.
The orc priest mumbles some strange prayers to Beogh against you.
Something smites you!
You die...

#........#.#### #.....#
#.#.######)#############..
#.#.##......(((ho...((....
#.#......#o##############.
#####.####.#.#.# #.
#............h.# ##
#.###.####...y.######## #
#.# #.#######.o#......# #
#.# #.....[..@.#......# #
#.# #####.............# #
#.# #.......l.....# # #.#
#.............# # #.#
#.............# # #.#
#......#......# # #.#
#####'######### # #.# #.#
# #.######### #<# #


You could see a warg, a wasp, an orc priest, an orc wizard (invisible) and a
giant gecko (wandering).

Vanquished Creatures
  2 unseen horrors (D:10)
  A hill giant (D:10)
  2 orc knights (Bailey)
  A troll (D:8)
  Grinder (D:3)
  Prince Ribbit (D:6)
  A wyvern (D:10)
  A hippogriff (D:10)
  2 hungry ghosts (D:10)
  Duvessa (D:6)
  3 orc warriors
  3 sky beasts
  3 ogres
  A phantom (D:8)
  5 centaurs
  2 giant frogs
  6 scorpions
  Dowan (D:6)
  A wyvern skeleton (D:7)
  7 wights
  5 crimson imps
  2 hounds
  Crazy Yiuf (D:2)
  A gnoll shaman (D:8)
  4 orc priests
  Jessica (D:3)
  16 orc wizards
  Ijyb (D:2)
  Natasha (thrice) (D:4)
  2 iguanas (D:9)
  6 worker ants
  A killer bee zombie (D:6)
  Robin (D:3)
  9 gnolls
  6 adders
  2 shadow imps
  2 oozes (D:1)
  3 adder skeletons
  A worm (D:2)
  6 giant geckos
  41 orcs
  5 ball pythons
  7 bats
  4 giant cockroaches
  17 goblins
  15 hobgoblins
  6 jackals
  3 quokkas
  3 giant newts
  22 kobolds
  7 rats
248 creatures vanquished.

Vanquished Creatures (others)
  An adder zombie (D:7)
1 creature vanquished.

Grand Total: 249 creatures vanquished

Notes
Turn   | Place    | Note
--------------------------------------------------------------
     0 | Abyss:1  | Reinor the Spriggan Abyssal Knight began the quest for the Orb.
     0 | Abyss:1  | Reached XP level 1. HP: 11/11 MP: 3/3
    81 | Abyss:1  | Noticed a fire bat
   225 | Abyss:4  | Noticed a large abomination
   227 | Abyss:4  | Noticed a small abomination
   230 | Abyss:4  | Noticed a raiju
   237 | Abyss:4  | Noticed a large abomination
   246 | Abyss:4  | Noticed a wretched star
   247 | Abyss:4  | Noticed a large abomination
   247 | D:1      | Escaped the Abyss
   295 | D:1      | Reached skill level 1 in Stealth
   350 | D:1      | Reached * piety under Lugonu
   465 | D:1      | Reached XP level 2. HP: 16/16 MP: 4/4
  1082 | D:1      | Reached XP level 3. HP: 14/19 MP: 5/5
  1705 | D:2      | Found a basalt altar of Yredelemnul.
  1705 | D:2      | Found a sacrificial altar of Ru.
  1706 | D:2      | Found a radiant altar of Vehumet.
  1712 | D:2      | Reached skill level 4 in Stealth
  1788 | D:2      | Noticed Crazy Yiuf
  1828 | D:2      | Killed Crazy Yiuf
  1828 | D:2      | Reached ** piety under Lugonu
  1828 | D:2      | Reached XP level 4. HP: 10/23 MP: 2/6
  2036 | D:2      | Noticed Ijyb
  2045 | D:2      | Killed Ijyb
  2078 | D:2      | Reached skill level 5 in Stealth
  2141 | D:2      | Found a snail-covered altar of Cheibriados.
  2297 | D:2      | Reached XP level 5. HP: 17/27 MP: 7/7
  2597 | D:3      | Noticed Grinder
  2625 | D:3      | Killed Grinder
  2625 | D:3      | Reached skill level 5 in Short Blades
  2625 | D:3      | Reached skill level 7 in Stealth
  2625 | D:3      | Reached XP level 6. HP: 11/32 MP: 8/8
  2873 | D:3      | Found a faded altar to an unknown god.
  3704 | D:3      | Noticed Robin
  3733 | D:3      | Reached *** piety under Lugonu
  3747 | D:3      | Killed Robin
  3747 | D:3      | Reached skill level 5 in Dodging
  3797 | D:3      | Reached skill level 8 in Stealth
  3994 | D:3      | Reached XP level 7. HP: 33/35 MP: 9/9
  4206 | D:3      | Noticed Jessica
  4214 | D:3      | Killed Jessica
  4325 | D:4      | Noticed Natasha
  4330 | D:4      | Killed Natasha
  4366 | D:4      | Noticed Natasha
  4391 | D:4      | Killed Natasha
  4704 | D:4      | Noticed Natasha
  4711 | D:4      | Killed Natasha
  5056 | D:4      | Found a sparkling altar of Nemelex Xobeh.
  5057 | D:4      | Found an opulent altar of Gozag.
  5409 | D:5      | Entered Level 5 of the Dungeon
  5427 | D:5      | Learned a level 1 spell: Corona
  5432 | D:5      | Learned a level 4 spell: Petrify
  5476 | D:5      | Found a shadowy altar of Dithmenos.
  5482 | D:5      | Reached XP level 8. HP: 39/39 MP: 12/12
  5605 | D:5      | Noticed an angel
  5605 | D:5      | Found a shimmering altar of Xom.
  5607 | D:5      | Found a glowing silver altar of Zin.
  5619 | D:5      | Reached **** piety under Lugonu
  5695 | D:5      | Found a stormy altar of Qazlal.
  5698 | D:5      | Found an iron altar of Okawaru.
  5701 | D:5      | Found an ancient bone altar of Kikubaaqudgha.
  5724 | D:5      | Got a coiled lead ring
  5725 | D:5      | Identified the ring of Luosuis {*Tele +Inv Int+3} (You found it on level 5 of the Dungeon)
  6112 | D:5      | Found a glowing golden altar of the Shining One.
  6465 | D:6      | Noticed Prince Ribbit
  6532 | D:6      | Killed Prince Ribbit
  6532 | D:6      | Reached skill level 9 in Dodging
  6543 | D:6      | Noticed Dowan
  6544 | D:6      | Noticed Duvessa
  6549 | D:6      | Killed Dowan
  6549 | D:6      | Reached skill level 1 in Spellcasting
  6591 | D:6      | Killed Duvessa
  6755 | D:6      | Reached skill level 10 in Dodging
  6781 | D:6      | Reached skill level 1 in Transmutations
  6791 | D:6      | Found a bloodstained altar of Trog.
  7166 | D:6      | Reached XP level 9. HP: 37/45 MP: 15/15
  8202 | D:7      | Learned a level 5 spell: Alistair's Intoxication
  8205 | D:7      | Learned a level 2 spell: Slow
  8598 | D:7      | Reached skill level 5 in Spellcasting
  8631 | D:7      | Reached skill level 5 in Transmutations
  8782 | D:7      | Found a staircase to the Ecumenical Temple.
  9286 | D:8      | Noticed a troll
  9302 | D:8      | Found an opulent altar of Gozag.
  9306 | D:8      | Killed a troll
  9416 | D:8      | Learned a level 1 spell: Apportation
  9419 | D:8      | Learned a level 2 spell: Blink
  9423 | D:8      | Learned a level 3 spell: Portal Projectile
  9896 | D:9      | Reached ***** piety under Lugonu
 10023 | D:9      | Found Doili's Antique Weapon Shoppe.
 11092 | D:10     | Entered Level 10 of the Dungeon
 11109 | D:10     | Reached XP level 10. HP: 49/49 MP: 20/20
 11469 | D:10     | Noticed an unseen horror
 11475 | D:10     | Noticed an unseen horror
 11489 | D:10     | Found a staircase to the Lair.
 11504 | D:10     | Killed an unseen horror
 11551 | D:10     | Noticed a hill giant
 11557 | D:10     | Found a flagged portal.
 11564 | Bailey   | Entered a bailey
 11765 | Bailey   | Noticed an orc knight
 11770 | Bailey   | Noticed an orc knight
 12071 | Bailey   | Killed an orc knight
 12282 | Bailey   | Killed an orc knight
 12282 | Bailey   | Reached skill level 10 in Transmutations
 12615 | Bailey   | Learned a level 3 spell: Inner Flame
 12619 | D:10     | Reached skill level 1 in Translocations
 12798 | D:10     | Noticed a hill giant
 12878 | D:10     | Killed an unseen horror
 12926 | D:10     | Killed a hill giant
 12980 | D:10     | Killed from afar by an orc priest

Vault maps used:
D:1:      lemuel_arrival_funnel, serial_co_window_serial, co_window_paths_b,
          co_window_of_opportunity_a, co_window_paths_a, co_window_corner_a,
          co_window_paths_b, co_window_of_opportunity_a, co_window_2corner,
          co_window_unsneaky_path_e, co_window_broadway_b, co_window_paths_e,
          glass_columns_b, glass_columns_a, glass_columns_b, glass_columns_a,
          glass_columns_c
D:2:      nicolae_overflow_hidden_temple, gammafunk_temple_overflow_claw,
          uniq_iyjb, uniq_crazy_yiuf_cottage
D:3:      ecumenical_altar_1, minmay_misc_feat_roman, uniq_jessica,
          uniq_grinder, uniq_robin
D:4:      grunt_temple_overflow_opulence, uniq_natasha
D:5:      grunt_temple_overflow_order_and_chaos_1,
          lemuel_coloured_pillars_altar, grunt_temple_overflow_diamond,
          nicolae_dithmenos_shadow_blocks, first_bread, fountainhead,
          grunt_decor_mini_mirrors
D:6:      lemuel_doored_altar, uniq_prince_ribbit1, uniq_duvessa
D:7:      lemuel_temple_firewalk_marked
D:8:      basic_altar
D:9:      serial_shops, nicolae_shop_overgrown_old_shop
D:10:     erik_lair_orcish_takeover, enter_bailey_2
Abyss:3:  hangedman_decor_peaks_small
Abyss:4:  bh_abyss_negative, hangedman_abyss_exit_choices
Bailey:   bailey_axe_4, bailey

Action                   |  1- 3 |  4- 6 |  7- 9 | 10-12 || total
-------------------------+-------+-------+-------+-------++-------
Melee: Short sword       |   115 |    24 |       |       ||   139
       Dagger            |       |   159 |   569 |   140 ||   868
       Rapier            |       |       |    75 |   149 ||   224
 Fire: Blowgun           |       |       |    12 |    37 ||    49
Throw: Tomahawk          |       |       |       |    38 ||    38
Invok: Depart the Abyss  |     1 |       |       |       ||     1
  Use: Scroll            |     8 |     3 |     9 |     2 ||    22
       Potion            |     2 |     4 |       |     6 ||    12
 Stab: Sleeping          |     7 |     9 |    29 |     5 ||    50
       Distracted        |       |     1 |       |     2 ||     3
  Eat: Pizza             |       |       |     2 |       ||     2
       Fruit             |       |       |     4 |     2 ||     6
       Bread ration      |       |       |       |     1 ||     1
